 Dungeon Crawl Stone Soup version 0.32-a0-768-g0f6f1dd4b9 (webtiles) character file.

Game seed: 15639058429237959557

252 kae the Slasher (level 6, -7/44 HPs)
             Began as a Coglin Gladiator on Mar 18, 2024.
             Killed from afar by an orc wizard (11 damage)
             ... with a puff of flame
             ... on level 3 of the Dungeon.
             The game lasted 00:01:20 (2635 turns).

kae the Slasher (Coglin Gladiator)                  Turns: 2635, Time: 00:01:21

Health: -7/44      AC:  1    Str: 14    XL:     6   Next: 14%
Magic:  6/6        EV: 11    Int:  7    God:
Gold:   128        SH:  0    Dex: 18    Spells: 5/5 levels left

rFire   . . .        a - +0 long sword {Hayata}
rCold   . . .        f - +0 dagger {Shi}
rNeg    . . .        b - +0 leather armour
rPois   .            c - +0 helmet
rElec   .            t - +0 cloak
rCorr   .            (no gloves)
SInv    .            (no boots)
Will    .....        (amulet unavailable)
Stlth   +            (ring unavailable)
HPRegen 0.27/turn    (ring unavailable)
MPRegen 0.10/turn    (no gizmo)

%: no passive effects
@: corroded, revved
A: off-hand wielding, slow wielding, warmup strikes, no jewellery
a: Invent Gizmo


You were on level 3 of the Dungeon.
You visited 1 branch of the dungeon, and saw 4 of its levels.

You collected 128 gold pieces.


Innate Abilities, Weirdness & Mutations

You can wield a second weapon in your off-hand.
It takes a long time for you to wield or remove held weapons.
Your first few attacks do less damage.
You cannot equip rings or amulets.


   Skills:
 - Level 2.0 Fighting
 + Level 6.7 Long Blades
 - Level 1.7 Throwing
 - Level 2.6 Dodging


You had 5 spell levels left.
You didn't know any spells.
Your spell library contained the following spells:

 Spells                   Type           Power      Damage    Failure   Level
 Slow                     Hex            0%         N/A       52%         1
 Confusing Touch          Hex            0%         N/A       87%         3
 Tukima's Dance           Hex            0%         N/A       87%         3
 Vampiric Draining        Necr           0%         2d6       87%         3
 Dimensional Bullseye     Hex/Tloc       0%         N/A       99%         4
 Iskenderun's Mystic Bla  Conj/Tloc      0%         2d3       99%         4

Inventory:

Hand Weapons
 a - a +0 long sword (weapon) {Hayata}
 f - a +0 dagger (offhand) {Shi}
Missiles
 d - 3 throwing nets (quivered) {=f!f}
 e - a javelin
 i - 56 stones
 u - 5 datura-tipped darts
 x - 2 boomerangs
Armour
 b - a +0 leather armour (worn)
 c - a +0 helmet (worn)
 t - a +0 cloak (worn)
   (You found it on level 2 of the Dungeon)
Jewellery
 l - a ring of willpower
   (You found it on level 1 of the Dungeon)
 o - a ring of willpower
   (You took it off a hobgoblin on level 1 of the Dungeon)
Scrolls
 h - a scroll of fog
 m - a scroll of identify {@r1}
 q - 2 scrolls of noise {unknown}
 r - 3 scrolls of teleportation {@r4}
 s - a scroll of immolation {unknown}
Potions
 g - a potion of heal wounds {unknown}
 j - 4 potions of curing {@q1}
 k - a potion of resistance {unknown}
 n - 2 potions of attraction {!q}
 p - a potion of mutation {unknown}
 v - a potion of cancellation {unknown}
 w - a potion of degeneration {unknown}
 z - a potion of lignification {unknown}
 A - a potion of enlightenment {unknown}

Dungeon Overview and Level Annotations

Branches:
Dungeon (4/15) Zot: 21361
 Temple: D:4-7

Altars:
Dithmenos
Qazlal
Xom

Annotations:
D:4 Ijyb

#..............≈.≈...# #...#
#........#.#.§.....≈.# ###.#
##.....###...§≈...≈≈.# #.##
#.#...# ###..§§_....## #...
#.##### #.§≈§..≈≈§.# ####
#.# #.§.§...≈§.# # #.####
#...≈.≈....####### #.##.##
##..≈§.≈≈.........#
#.#...####K@{......#.##.....
#.>......'.......†.'.......#
#.#...####.........#.##.....
#....## ##.......##.##..#.#
###.## ##.....###.##.##.#
#.# ##...## #.......# #.#
#######'### ####.#### #.#
#.........# #.# #.#
#.#####.#.# #.#


You could see a kobold.


Message History

Done exploring.
No target in view!
No target in view!
Done exploring.
No target in view!
No target in view!
Done exploring.
No target in view!
No target in view!
Done exploring.
You can't go down here!
There is a stone staircase leading down here.
You climb downwards.
Found a stone staircase leading down.
There is a stone staircase leading up here.
There are monsters nearby!
Okay, then.
The orc shouts!
You hear a shout!
You hit the orc but do no damage.
You slash the orc with your +0 long sword!
You kill the orc!
An orc wizard comes into view. It is wielding a +0 dagger.
The orc wizard shouts!
An orc wizard and 2 orcs come into view.
The orc shouts!
You hit the orc but do no damage. You hit the orc with your +0 dagger.
You hit the orc with your +0 dagger.
You slash the orc with your +0 long sword!
You kill the orc!
Ijyb the Inquisitive comes into view.
She is wielding a +0 dagger, wearing a +2 leather armour of cold resistance and carrying a wand of acid.
The orc wizard casts a spell.
The orc wizard flickers and vanishes!
Deactivating autopickup; reactivate with Ctrl-A.
Ijyb shouts!
Things that are here:
a +0 dagger; an orc corpse
There is a stone staircase leading up here.
You hit the orc with your +0 long sword.
You barely miss the orc with your +0 dagger.
Something hits you but does no damage.
The orc wizard points at you and mumbles some strange words.
The magic dart hits something.
You barely miss the kobold with your +0 dagger.
You hit the kobold with your +0 long sword.
The kobold hits you but does no damage. Something barely misses you.
The orc closely misses you.
You slash the orc with your +0 long sword!
You kill the orc!
The kobold hits you with a +1 dagger of electrocution.
Ijyb screams, "You look like good test subject!"
Ijyb zaps a wand.
The bolt of acid hits the orc!!
The acid corrodes the orc!
The orc dies!
The bolt of acid hits you! The acid corrodes you!
You hear some strange, mumbled words.
A puff of flame appears from out of thin air!
The puff of flame hits you.
The orc wizard gestures at you while chanting.
The magic dart hits you.
* * * LOW HITPOINT WARNING * * *
😨 HP[-23]
You take 23 damage, and now have 21/44 hp.
MASSIVE DAMAGE!! (PAUSE)
The kobold barely misses you.
Ijyb zaps a wand.
The bolt of acid misses you. Something hits you.
* * * LOW HITPOINT WARNING * * *
You climb upwards.
Reactivating autopickup.
There is a stone staircase leading down here. 😨 HP[-1]
You take 1 damage, and now have 20/44 hp.
Unknown command.
Deactivating autopickup; reactivate with Ctrl-A.
You miss something with your +0 long sword.
You hit something with your +0 dagger. The kobold completely misses you.
Something hits you but does no damage.
You miss something with your +0 long sword.
You barely miss something with your +0 dagger.
The kobold hits you with a +1 dagger of electrocution.
* * * LOW HITPOINT WARNING * * *
You are electrocuted!
* * * LOW HITPOINT WARNING * * *
Something hits you.
* * * LOW HITPOINT WARNING * * *
You hit something but do no damage.
You miss something with your +0 long sword.
The kobold closely misses you. Something hits you.
* * * LOW HITPOINT WARNING * * *
😱 HP[-15]
You take 15 damage, and now have 5/44 hp.
MASSIVE DAMAGE!! (PAUSE)
You miss something with your +0 dagger.
You miss something with your +0 long sword.
The kobold hits you with a +1 dagger of electrocution.
* * * LOW HITPOINT WARNING * * *
You hear some strange, mumbled words.
A puff of flame appears from out of thin air!
The puff of flame hits you!
You die...

Skill      XL: |  1  2  3  4  5 |
---------------+----------------+-----
Long Blades    | 4 5 6 |  6.7
Fighting       | |  2.0
Throwing       | |  1.7
Dodging        | |  2.6

Action                     |  1- 3 |  4- 6 || total
---------------------------+-------+-------++-------
  Melee: Long sword        |    90 |    70 ||   160
         Dagger            |    82 |    66 ||   148
    Use: Scroll            |     5 |       ||     5
   Stab: Sleeping          |     1 |     2 ||     3
 Armour: Leather armour    |    43 |    52 ||    95
  Dodge: Dodged            |    63 |    51 ||   114

Levels and vault maps discovered:
D:1:      psy_arrival_spokes, layout_loops_ring,
          ebering_ecumenical_altar_abandoned
D:2:      layout_loops_ring, basic_altar, uniq_terence
D:3:      layout_loops_corners, mainiacjoe_overflow_surrounded_room,
          mainiacjoe_overflow_small_starburst, uniq_pargi
D:4:      layout_rooms, makhleb_blood_cavern_becter, lemuel_tele_altar,
          mainiacjoe_overflow_tiny_flanked, lemuel_zombie_altar_kikubaaqudgha,
          minmay_temple_entry_tees, uniq_ijyb

Notes
Turn   | Place    | Note
-------+----------+-------------------------------------------
     0 | D:1      | kae the Coglin Gladiator began the quest for the Orb.
     0 | D:1      | Reached XP level 1. HP: 16/16 MP: 1/1
     0 | D:1      | magus.rc [v1.11.3]
    84 | D:1      | Reached XP level 2. HP: 21/22 MP: 2/2
   107 | D:1      | Found a faded altar of an unknown god.
   180 | D:1      | You pick up a book of Debilitation and begin reading...
   180 | D:1      | You add the spells Slow, Vampiric Draining and Confusing
                  | Touch to your library.
   314 | D:1      | Reached skill level 4 in Long Blades
   390 | D:1      | Reached XP level 3. HP: 27/27 MP: 3/3
   738 | D:2      | Found a shimmering altar of Xom.
   823 | D:2      | Noticed Terence
   841 | D:2      | Killed Terence
   842 | D:2      | Reached XP level 4. HP: 8/33 MP: 4/4
   944 | D:2      | Reached skill level 5 in Long Blades
  1685 | D:3      | Reached XP level 5. HP: 38/38 MP: 5/5
  1937 | D:3      | You pick up a book of Weapons and begin reading...
  1937 | D:3      | You add the spells Tukima's Dance, Dimensional Bullseye and
                  | Iskenderun's Mystic Blast to your library.
  1958 | D:3      | Found a stormy altar of Qazlal.
  1988 | D:3      | Noticed Pargi
  1995 | D:3      | Killed Pargi
  1996 | D:3      | Reached skill level 6 in Long Blades
  1996 | D:3      | Reached XP level 6. HP: 30/44 MP: 6/6
  2408 | D:3      | Found a shadowy altar of Dithmenos.
  2623 | D:4      | Noticed Ijyb
  2633 | D:3      | HP: 8/44 [kobold/+1 dagger of electrocution (9)]
  2635 | D:3      | Killed from afar by an orc wizard

Vanquished Creatures
  Pargi (D:3)
  A sleepcap (D:3)
  Terence (D:2)
  2 adders
  A dart slug (D:2)
  2 ribbon worms
  3 orcs (D:4)
  5 endoplasms
  2 giant cockroaches
  3 goblins
  6 hobgoblins
  4 jackals (D:2)
  6 kobolds
  6 quokkas
  6 ball pythons
  6 bats
  5 frilled lizards
  4 rats
64 creatures vanquished.

Vanquished Creatures (others)
  An orc (D:4)
1 creature vanquished.

Grand Total: 65 creatures vanquished

Table legend:
 A = Non-vault XP
 B = Vault XP
 C = Vault XP percentage of total XP
 D = Non-vault monster count
 E = Vault monster count
 F = Vault count percentage of total count
                 A         B        C        D         E       F
            +---------+---------+-------+---------+---------+-------
      Total |     176 |     185 |  51.2 |      62 |       2 |   3.1
            +---------+---------+-------+---------+---------+-------
        D:1 |      44 |       0 |   0.0 |      26 |       0 |   0.0
        D:2 |      48 |      36 |  42.9 |      19 |       1 |   5.0
        D:3 |      75 |     149 |  66.5 |      14 |       1 |   6.7
        D:4 |       9 |       0 |   0.0 |       3 |       0 |   0.0
            +---------+---------+-------+---------+---------+-------

Skill      XL: |  1  2  3  4  5 |
---------------+----------------+-----
Long Blades    | 4 5 6 |  6.7
Fighting       | |  2.0
Throwing       | |  1.7
Dodging        | |  2.6

Action                     |  1- 3 |  4- 6 || total
---------------------------+-------+-------++-------
  Melee: Long sword        |    90 |    70 ||   160
         Dagger            |    82 |    66 ||   148
    Use: Scroll            |     5 |       ||     5
   Stab: Sleeping          |     1 |     2 ||     3
 Armour: Leather armour    |    43 |    52 ||    95
  Dodge: Dodged            |    63 |    51 ||   114

Illustrated notes

Table legend:
 A = Kills in this place as a percentage of kills in the entire game.
 B = Kills by you in this place as a percentage of kills by you in the entire game.
 C = Kills by friends in this place as a percentage of kills by friends in the entire game.
 D = Other kills in this place as a percentage of other kills in the entire game.
 E = Experience gained in this place as a percentage of experience gained in the entire game.
 F = Experience gained in this place divided by the number of levels of this place that you have seen.
                   A       B       C       D       E      F
               +-------+-------+-------+-------+-------+----------------------
         Total | 100.0 | 100.0 |   N/A |   N/A | 100.0 |  90.2
       Dungeon | 100.0 | 100.0 |   N/A |   N/A | 100.0 |  90.2
               +-------+-------+-------+-------+-------+----------------------

Table legend: (Time is in decaauts)
 A = Elapsed time spent in this place.
 B = Non-inter-level travel time spent in this place.
 C = Inter-level travel time spent in this place.
 D = Time resting spent in this place.
 E = Time spent auto-exploring this place.
 F = Levels seen in this place.
 G = Mean time per level.
                   A        B        C        D        E       F      G
               +--------+--------+--------+--------+--------+-----+--------+
         Total |   2637 |   2498 |    139 |     75 |   2035 |   4 |  659.2 |
       Dungeon |   2637 |   2498 |    139 |     75 |   2035 |   4 |  659.2 |
               +--------+--------+--------+--------+--------+-----+--------+

Top non-repeatable levels by time:
     D:3: 955 daAuts
     D:2: 939 daAuts
     D:1: 727 daAuts
     D:4: 15 daAuts
